AoeStats
← IBlink182

Black Forest

509173138Analyzed
2v2 RM · 5d ago on Sep 25, 2026· 69m 14s· 4 players
Game mode
Random Map
Map size
Medium (4 player)
Population
200
Speed
Normal
Resources
Standard
Victory
Conquest
Starting age
Dark Age
Ending age
Imperial Age
RankedLock teamsTeams togetherTeam positionsShared explorationLock speedFull tech treeHidden civsTurbo modeCheats
Victory
Defeat
🇫🇷 Mongols · France
767
+14
🇫🇷 Britons · France
742
+15
🇪🇸 Koreans · Spain
728
-15
🇵🇪 Teutons · Peru
714
-14
Tomás Roncero
10:17 Feudal Age
10:41 Horse Collar
10:48 Double-Bit Axe
18:30 Castle Age
19:29 Bow Saw
19:22 Heavy Plow
18:46 Light Cavalry
20:01 Squires
20:21 Gold Mining
21:34 Stone Mining
22:25 Arson
27:04 Forging
26:57 Scale Mail Armor
28:04 Scale Barding Armor
33:37 Imperial Age
33:55 Murder Holes
33:47 Elite Fire Lancer
33:50 Hussar
35:51 Two-Man Saw
35:56 Husbandry
36:37 Chain Barding Armor
36:53 Iron Casting
36:35 Chain Mail Armor
38:14 Chemistry
40:10 Wheelbarrow
56:22 Cavalier
63:02 Plate Mail Armor
62:23 Elite War Wagon
IBlink182
0:46 Loom
12:16 Feudal Age
13:37 Wheelbarrow
13:48 Double-Bit Axe
20:25 Gold Mining
23:48 Castle Age
22:59 Scale Mail Armor
22:55 Stone Mining
24:59 Hand Cart
25:03 Bow Saw
24:36 Horse Collar
25:09 Town Watch
28:09 Heavy Plow
32:07 Chain Mail Armor
40:03 Imperial Age
38:07 Elite Skirmisher
40:24 Capped Ram
43:12 Padded Archer Armor
43:02 Fletching
57:31 Squires
sirjimwong
12:03 Feudal Age
13:52 Wheelbarrow
14:44 Double-Bit Axe
14:42 Horse Collar
20:08 Gold Mining
20:11 Stone Mining
25:55 Castle Age
55:52 Elite Skirmisher
LouDX
2:18 Loom
11:38 Feudal Age
12:26 Double-Bit Axe
12:23 Horse Collar
17:48 Castle Age
21:03 Heavy Plow
21:16 Bow Saw
23:47 Wheelbarrow
27:02 Hand Cart
27:52 Stone Mining
27:53 Gold Mining
32:45 Imperial Age
31:08 Bloodlines
30:58 Husbandry
31:05 Thumb Ring
32:52 Ballistics
32:36 Fletching
32:47 Padded Archer Armor
33:06 Elite Mangudai
33:18 Capped Ram
35:03 Parthian Tactics
35:44 Chemistry
36:20 Siege Ram
37:45 Bodkin Arrow
38:05 Leather Archer Armor
38:32 Bracer
39:25 Scale Barding Armor
41:13 Chain Barding Armor
41:57 Light Cavalry
43:13 Forging
43:50 Drill
42:52 Hussar
Connection lost

Rejoining the realm…

Still unreachable

The connection could not be restored.

Session expired

The server has moved on; the page needs a fresh start.